 Dungeon Crawl Stone Soup version 0.22-a0-77-g0fd0111 (webtiles) character file.

261 oplop the Chiller (level 6, 0/39 HPs)
             Began as an Octopode Ice Elementalist on Jan 14, 2018.
             Slain by a gnoll
             ... wielding a +0 spear
              (5 damage)
             ... on level 4 of the Dungeon.
             The game lasted 00:06:18 (2839 turns).

oplop the Chiller (Octopode Ice Elementalist)       Turns: 2839, Time: 00:06:18

Health: 0/39       AC:  3    Str:  8    XL:     6   Next: 18%
Magic:  2/11       EV: 14    Int: 19    God:
Gold:   178        SH:  0    Dex: 12    Spells: 8/12 levels left

rFire    . . .     SeeInvis .   o - +0 dagger
rCold    + . .     Gourm    .   (no shield)
rNeg     . . .     Faith    .   (helmet restricted)
rPois    .         Spirit   .   (no amulet)
rElec    .         Reflect  .   k - ring of resist corrosion
rCorr    +         Harm     .   h - +2 ring of protection
MR       .....                  j - ring of protection from cold
Stlth    +++.......             (no ring)
HPRegen  0.13/turn              (no ring)
MPRegen  0.12/turn              (no ring)
                                (no ring)
                                (no ring)

@: no status effects
A: almost no armour, stealthy swim, amphibious, 8 rings, constrict 8, camouflage
1, gelatinous body 1
a: no special abilities


You were on level 4 of the Dungeon.
You were hungry.

You visited 1 branch of the dungeon, and saw 4 of its levels.

You collected 178 gold pieces.

Inventory:

Hand Weapons
 o - a +0 dagger (weapon)
Jewellery
 h - a +2 ring of protection (right tentacle)
 j - a ring of protection from cold (on tentacle)
 k - a ring of resist corrosion (left tentacle)
Wands
 m - a wand of clouds (3)
Scrolls
 c - 4 scrolls of teleportation {unknown}
 f - 2 scrolls of fog {unknown}
 i - 2 scrolls of remove curse {unknown}
 l - a scroll of random uselessness {unknown}
 n - 3 scrolls of amnesia {unknown}
 p - 2 scrolls of identify {unknown}
Potions
 d - a potion of cancellation {unknown}
 e - a potion of heal wounds {unknown}
 g - 2 potions of curing {unknown}
Books
 a - a book of Frost

   Spells                             Type                      Level
   a - Freeze                         Ice                          1
   b - Throw Frost                    Conjuration/Ice              2
   c - Ozocubu's Armour               Charms/Ice                   3
   d - Throw Icicle                   Conjuration/Ice              4
   e - Summon Ice Beast               Ice/Summoning                4
Comestibles
 b - 8 rations
 q - a chunk of flesh


   Skills:
 + Level 2.1 Fighting
 + Level 3.1 Dodging
 - Level 2.6 Stealth
 * Level 3.6 Spellcasting
   Level 1.0 Conjurations
 * Level 4.5 Ice Magic


You had 8 spell levels left.
You knew the following spells:

 Your Spells              Type           Power        Failure   Level  Hunger
a - Freeze                Ice            ###.         2%          1    None
b - Ozocubu's Armour      Chrm/Ice       ##......     17%         3    ###....


Dungeon Overview and Level Annotations

Branches:
Dungeon (4/15)
 Temple: D:4-7

Altars:

Annotations:
D:4 KristoblXynda's ghost, amateur TrMo


Innate Abilities, Weirdness & Mutations

You cannot wear most types of armour.
You are very stealthy in the water. (Stealth+)
You are amphibious.
You can wear up to eight rings at the same time.
You can use your tentacles to constrict eight enemies at once.
Your skin changes colour to match your surroundings (Stealth+).
Your rubbery body absorbs attacks. (AC +1, EV +1)


Message History

Casting: Freeze
Confirm with . or Enter, or press ? or * to list all spells.
Aiming: Freeze
Press: ? - help, Shift-Dir - straight line, f - gnoll
Aim: a gnoll, wielding a long sword You freeze the gnoll.
The gnoll is lightly wounded.
The gnoll hits you from afar with a spear.
* * * LOW HITPOINT WARNING * * *
The gnoll hits you with a long sword.
* * * LOW HITPOINT WARNING * * *
Casting: Freeze
Confirm with . or Enter, or press ? or * to list all spells.
Aiming: Freeze
Press: ? - help, Shift-Dir - straight line, f/p - gnoll
Aim: a gnoll, wielding a long sword (lightly wounded)
You freeze the gnoll.
The gnoll is moderately wounded.
The gnoll hits you from afar with a spear.
You die...

#.. #.. ##..
###..# ....# #.
#..# #. #g.# #.
##g# #. ##@# #.
#..#
######$####..#
.............# .#.
######.#.##.# ...
#.#.##.# .#.
#####.#.##.#
...####.......##.#
.#...............#


You could see 2 gnolls.

Vanquished Creatures
  A bullfrog (D:3)
  A hound (D:4)
  A gnoll shaman (D:4)
  2 orc wizards (D:3)
  2 gnolls (D:4)
  An adder (D:3)
  2 worms
  5 leopard geckos
  3 orcs
  A ball python (D:2)
  3 giant cockroaches
  3 hobgoblins (D:2)
  2 jackals (D:1)
  5 kobolds
  2 quokkas
  4 bats
  2 frilled lizards
  6 goblins
  8 rats
54 creatures vanquished.

Notes
Turn   | Place    | Note
-------+----------+-------------------------------------------
     0 | D:1      | oplop the Octopode Ice Elementalist began the quest for the Orb.
     0 | D:1      | Reached XP level 1. HP: 11/11 MP: 3/3
    48 | D:1      | Reached XP level 2. HP: 13/18 MP: 5/5
   191 | D:1      | oplop: ??staff of earth
   191 | D:1      | beem: staff damage[1/3]: Enhancer staves (fire, cold, air, earth, death) have (2*evoc + magic skill)/30 chance of getting random2(1.25*(magic skill + evoc/2)) extra damage that ignores AC (except earth), but checks the appropriate resistance.
   191 | D:1      | oplop: ??staff of earth[2
   191 | D:1      | beem: staff of poison[1/1]: Grants rPois; boosts poison magic; in melee, if you pass a (Evoc*2+Poison Magic)/30 check, it inflicts poison on a coinflip or (poison skill / 8) times, and bypasses poison resistance (poison skill / 16) times (but only against living or plant creatures).
   191 | D:1      | oplop: ??staff of earth[3
   191 | D:1      | beem: staff damage[3/3]: Magical staves cannot be enchanted by scrolls or other means.
   592 | D:1      | Reached XP level 3. HP: 21/22 MP: 2/6
  1256 | D:2      | Reached skill level 1 in Fighting
  1595 | D:3      | Noticed a bullfrog
  1602 | D:3      | Learned a level 3 spell: Ozocubu's Armour
  1645 | D:3      | Killed a bullfrog
  1645 | D:3      | Reached XP level 4. HP: 22/28 MP: 1/8
  1721 | D:3      | Reached skill level 4 in Ice Magic
  1744 | D:3      | Reached XP level 5. HP: 31/33 MP: 9/9
  2557 | D:4      | Noticed KristoblXynda's ghost (amateur TrMo)
  2787 | D:4      | Reached XP level 6. HP: 37/39 MP: 4/11
  2839 | D:4      | Slain by a gnoll

Vault maps used:
D:1:      ncdulo_lavacross, minmay_misc_feat_tiny
D:4:      first_ration, enter_ossuary_1, hangedman_decor_riveting,
          sigmund_edmund_badplayer

Skill      XL: |  1  2  3  4  5 |
---------------+----------------+-----
Fighting       | 1 2 |  2.1
Spellcasting   | 3 |  3.6
Ice Magic      | 4 |  4.5
Dodging        | 3 |  3.1
Stealth        | |  2.6
Conjurations   | |  1.0

Action                   |  1- 3 |  4- 6 || total
-------------------------+-------+-------++-------
Melee: Unarmed           |    76 |    26 ||   102
       Constrict         |    23 |    13 ||    36
       Tentacles         |    12 |     8 ||    20
       Dagger            |       |    22 ||    22
 Cast: Freeze            |    20 |    25 ||    45
       Ozocubu's Armour  |     1 |     4 ||     5
 Stab: Sleeping          |    15 |     3 ||    18
  Eat: Chunk             |     1 |     2 ||     3
       Ration            |     1 |       ||     1
Armor: Skin              |     9 |    22 ||    31
Dodge: Dodged            |    50 |    52 ||   102

Table legend:
 A = Spawn XP
 B = Non-spawn XP
 C = Spawn XP percentage of total XP
 D = Spawn monster count
 E = Non-spawn monster count
 F = Spawn count percentage of total count
 G = Total turns spent on level
                    A         B        C        D         E        F      G
               +---------+---------+-------+---------+---------+-------+---------
         Total |       0 |     373 |   0.0 |       0 |      54 |   0.0 |  2839
               +---------+---------+-------+---------+---------+-------+---------
           D:1 |       0 |      36 |   0.0 |       0 |      22 |   0.0 |   777
           D:2 |       0 |      20 |   0.0 |       0 |      10 |   0.0 |   678
           D:3 |       0 |     200 |   0.0 |       0 |      15 |   0.0 |  1015
           D:4 |       0 |     117 |   0.0 |       0 |       7 |   0.0 |   369
               +---------+---------+-------+---------+---------+-------+---------
